 Dungeon Crawl Stone Soup version 0.22.0-6-g71bd7aa6b3 (webtiles) character file.

565 IceCat the Shield-Bearer (level 7, 0/55 HPs)
             Began as a Formicid Fighter on Aug 14, 2018.
             Was an Initiate of Cheibriados.
             Killed by divine providence
             ... invoked by an orc priest
              (11 damage)
             ... on level 5 of the Dungeon.
             The game lasted 00:13:24 (4427 turns).

IceCat the Shield-Bearer (Formicid Fighter)         Turns: 4427, Time: 00:13:25

Health: 0/55       AC:  6    Str: 24    XL:     7   Next: 58%
Magic:  7/7        EV: 10    Int: 13    God:    Cheibriados [......]
Gold:   133        SH: 10    Dex: 11    Spells: 6/6 levels left

rFire    + . .     SeeInvis +   u - +0 falchion (freeze)
rCold    x . .     Gourm    .   c - +0 shield
rNeg     . . .     Faith    .   v - +0 ring mail (curse)
rPois    .         Spirit   .   (helmet unavailable)
rElec    .         Reflect  .   (no cloak)
rCorr    .         Harm     .   (no gloves)
MR       .....                  (no boots)
Stlth    +.........             (no amulet)
HPRegen  0.18/turn              p - +5 ring of intelligence
MPRegen  0.10/turn              r - ring of fire

@: very slow
A: permanent stasis, dig shafts and tunnels, four strong arms, antennae 3
a: Dig, Shaft Self, Bend Time, Renounce Religion


You were on level 5 of the Dungeon.
You worshipped Cheibriados.
Cheibriados was noncommittal.
You were not hungry.

You visited 2 branches of the dungeon, and saw 6 of its levels.

You collected 133 gold pieces.

Inventory:

Hand Weapons
 a - a +1 long sword
 u - a +0 falchion of freezing (weapon)
Armour
 b - a +0 scale mail
 c - a +0 shield (worn)
 v - a cursed +0 ring mail (worn)
Jewellery
 p - a +5 ring of intelligence (left hand)
 r - a ring of fire (right hand)
Wands
 o - a wand of polymorph (16)
 q - a wand of iceblast (5)
 t - a wand of flame (30)
Scrolls
 e - a scroll of immolation {unknown}
 h - 5 scrolls of identify
 k - a scroll of amnesia {unknown}
 l - 2 scrolls of fear
Potions
 d - a potion of might
 g - 2 potions of degeneration {unknown}
 i - a potion of curing {unknown}
 j - a potion of flight {unknown}
 m - a potion of brilliance {unknown}
 n - a potion of invisibility
Comestibles
 f - 5 rations


   Skills:
 + Level 4.4 Fighting
 * Level 4.5 Long Blades
 + Level 4.4 Armour
 + Level 2.2 Dodging
 * Level 6.1 Shields


You had 6 spell levels left.
You didn't know any spells.
Your spell library was empty.

Dungeon Overview and Level Annotations

Branches:
Dungeon (5/15)             Temple (1/1) D:4

Altars:
Ashenzari
Cheibriados
Dithmenos
Fedhas
Gozag
Hepliaklqana
Makhleb
Nemelex Xobeh
Qazlal
Ru
Trog
Uskayaw
Vehumet
Xom
Yredelemnul
The Shining One


Innate Abilities, Weirdness & Mutations

You cannot be hasted, slowed, berserked, paralysed or teleported.
You can dig through walls and to a lower floor.
Your four strong arms can wield two-handed weapons with a shield.
You have a pair of large antennae on your head. (SInv)


Message History

The orc is moderately wounded.
The orc priest invokes the aid of Beogh against you.
Beogh smites you!
* * * LOW HITPOINT WARNING * * *
You hit the orc. You freeze the orc.
The orc is severely wounded.
The orc hits you with a flail.
* * * LOW HITPOINT WARNING * * *
You hit the orc. You freeze the orc.
You kill the orc!
Cheibriados thoroughly appreciates the change of pace.
The orc priest looks encouraged for a moment.
You hit the orc priest. You freeze the orc priest.
The orc priest is moderately wounded.
You block the orc priest's attack.
You hit the orc priest. You freeze the orc priest.
The orc priest is severely wounded.
The orc priest invokes the aid of Beogh against you.
Beogh smites you!
You die...

##.........#
#.........#
#.........#
##......###
#.######
##.# #.##
##.###
#.oo@#
####.####
#....##
#.##..# #
##.## #o.#
##.# #.o
##..


You could see 2 orc priests.

Vanquished Creatures
  A phantom (D:5)
  2 orc priests
  A bullfrog skeleton (D:5)
  A jelly (D:5)
  An orc wizard (D:4)
  2 worker ants (D:4)
  A hound zombie (D:5)
  A hound skeleton (D:3)
  Robin (D:2)
  12 adders
  A howler monkey skeleton (D:5)
  A shadow imp (D:5)
  A worm (D:3)
  3 leopard geckos
  20 orcs
  9 bats
  4 giant cockroaches
  15 goblins
  9 hobgoblins
  2 quokkas
  5 frilled lizards
  4 kobolds
  14 rats
111 creatures vanquished.

Notes
Turn   | Place    | Note
-------+----------+-------------------------------------------
     0 | D:1      | IceCat the Formicid Fighter began the quest for the Orb.
     0 | D:1      | Reached XP level 1. HP: 18/18 MP: 1/1
    73 | D:1      | Reached XP level 2. HP: 5/24 MP: 2/2
   564 | D:1      | Reached skill level 4 in Shields
   564 | D:1      | Reached XP level 3. HP: 29/29 MP: 3/3
   824 | D:2      | Reached skill level 1 in Dodging
  1159 | D:2      | Found a faded altar of an unknown god.
  1198 | D:2      | Reached XP level 4. HP: 34/35 MP: 4/4
  2062 | D:3      | Noticed Robin
  2084 | D:2      | Killed Robin
  2084 | D:2      | Reached XP level 5. HP: 34/42 MP: 5/5
  2844 | D:3      | Reached skill level 5 in Shields
  2933 | D:3      | Reached XP level 6. HP: 43/48 MP: 6/6
  3113 | D:4      | Found a glowing golden altar of the Shining One.
  3556 | D:4      | Found a basalt altar of Yredelemnul.
  3818 | D:4      | Found a blossoming altar of Fedhas.
  3819 | D:4      | Found an opulent altar of Gozag.
  3820 | D:4      | Found a hide-covered altar of Uskayaw.
  3820 | D:4      | Found a sacrificial altar of Ru.
  3820 | D:4      | Found a bloodstained altar of Trog.
  3820 | D:4      | Found a stormy altar of Qazlal.
  3865 | D:4      | Found a staircase to the Ecumenical Temple.
  3870 | Temple   | Entered the Ecumenical Temple
  3878 | Temple   | Became a worshipper of Cheibriados the Contemplative
  4020 | D:5      | Entered Level 5 of the Dungeon
  4133 | D:5      | Reached XP level 7. HP: 45/54 MP: 7/7
  4339 | D:5      | Reached skill level 6 in Shields
  4427 | D:5      | Killed from afar by an orc priest

Skill      XL: |  1  2  3  4  5  6  7 |
---------------+----------------------+-----
Shields        | 4 5 6 |  6.1
Dodging        | 1 2 |  2.2
Long Blades    | 3 4 |  4.5
Fighting       | 4 |  4.4
Armour         | 4 |  4.4

Action                   |  1- 3 |  4- 6 |  7- 9 || total
-------------------------+-------+-------+-------++-------
Melee: Long sword        |   111 |   227 |    31 ||   369
       Falchion          |       |       |    30 ||    30
 Abil: Dig               |       |     7 |     1 ||     8
  Use: Scroll            |       |     4 |       ||     4
  Eat: Chunk             |     1 |    11 |     1 ||    13
Armor: Scale mail        |    66 |    83 |     6 ||   155
       Ring mail         |       |       |     6 ||     6
Dodge: Dodged            |    41 |    80 |    18 ||   139
Block: Shield            |    82 |   130 |    22 ||   234
       Rpst.: Long sword |    14 |    30 |     2 ||    46
       Falchion          |       |       |     3 ||     3
